 Dungeon Crawl Stone Soup version 0.25-a0-566-g062765be81 (webtiles) character file.

Game seed: 14886681151858135096, levelgen mode: deterministic

3649 kae the Jinx (level 9, 0/43 HPs)
             Began as a Felid Enchanter on Feb 27, 2020.
             Was an Initiate of Dithmenos.
             Slain by a black bear (3 damage)
             ... on level 10 of the Dungeon.
             The game lasted 00:16:33 (15375 turns).

kae the Jinx (Felid Enchanter)                     Turns: 15375, Time: 00:16:33

Health: 0/43       AC:  2    Str:  7    XL:     9   Next: 88%
Magic:  20/20      EV: 18    Int: 16    God:    Dithmenos [......]
Gold:   356        SH:  0    Dex: 18    Spells: 15/21 levels left
                                        Lives:  0   Deaths: 3

rFire    . . .     SeeInvis +     - Unarmed
rCold    . . .     Gourm    .   (shield unavailable)
rNeg     . . .     Faith    .   (armour unavailable)
rPois    .         Spirit   .   (helmet unavailable)
rElec    .         Reflect  .   (cloak unavailable)
rCorr    +         Harm     .   (gloves unavailable)
MR       +....                  (boots unavailable)
Stlth    +++++.....             (no amulet)
HPRegen  0.14/turn              e - ring of resist corrosion
MPRegen  0.17/turn              (no ring)

@: quick
A: very small, no armour, no weapons or thrown items, stealth, claws 1, fangs 3,
see invisible, carnivore, speed 1, shaggy fur 2, slow metabolism 1, sharp paws
a: Renounce Religion


You were on level 10 of the Dungeon.
You worshipped Dithmenos.
Dithmenos was noncommittal.
You were very full.

You visited 2 branches of the dungeon, and saw 12 of its levels.

You collected 356 gold pieces.

Inventory:

Hand Weapons
 q - the +10 rapier "Sakix" {vorpal, *Rage rElec rC- Int+8}
   (You took it off a centaur on level 8 of the Dungeon)

   It inflicts extra damage upon your enemies.
   It affects your intelligence (+8).
   It makes you vulnerable to cold.
   It insulates you from electricity.
   It may make you go berserk in combat.
Jewellery
 e - a ring of resist corrosion (left paw)
Wands
 n - a wand of disintegration (23)
Scrolls
 c - 3 scrolls of blinking
 k - 6 scrolls of remove curse
 l - 3 scrolls of teleportation
 t - a scroll of identify
Potions
 a - 2 potions of stabbing
 d - a potion of brilliance
 f - 2 potions of lignification
 g - 2 potions of heal wounds
 h - 2 potions of berserk rage
 i - 3 potions of might
 j - a potion of cancellation
 o - a potion of magic {unknown}
 p - a potion of haste
 r - a potion of curing
 s - a potion of degeneration {unknown}
Comestibles
 b - 11 rations


   Skills:
 + Level 7.0 Fighting
 - Level 2.6 Dodging
 + Level 10.8 Stealth
 * Level 10.1 Unarmed Combat
 + Level 6.7 Spellcasting
 + Level 10.8 Hexes


You had 15 spell levels left.
You knew the following spells:

 Your Spells              Type           Power        Failure   Level  Hunger
a - Corona                Hex            #####..      1%          1    None
b - Ensorcelled Hibernat  Hex/Ice        ###...       1%          2    None
c - Confusing Touch       Hex            #####...     1%          3    ##.....

Your spell library contained the following spells:

 Spells                   Type           Power        Failure   Level  Hunger
 Tukima's Dance           Hex            #####...     1%          3    ##.....
 Dazzling Flash           Conj/Hex       ###...       4%          3    ##.....
 Inner Flame              Hex/Fire       ###.....     4%          3    ##.....
 Summon Guardian Golem    Hex/Summ       ###.....     4%          3    ##.....
 Foxfire                  Conj/Fire      #...         13%         1    None
 Summon Small Mammal      Summ           #...         13%         1    None
 Call Imp                 Summ           #.......     19%         2    None
 Call Canine Familiar     Summ           #.......     36%         3    ##.....
 Conjure Flame            Conj/Fire      #.......     36%         3    ##.....
 Sticky Flame             Conj/Fire      #.......     77%         4    ####...
 Summon Ice Beast         Ice/Summ       #.......     77%         4    ####...
 Summon Lightning Spire   Summ/Air       #.......     77%         4    ####...
 Fireball                 Conj/Fire      #.........   98%         5    #####..


Dungeon Overview and Level Annotations

Branches:
Dungeon (11/15)            Temple (1/1) D:5            Lair (0/6) D:10
    Orc: D:9-12

Altars:
Ashenzari
Cheibriados
Dithmenos
Elyvilon
Fedhas
Gozag
Hepliaklqana
Kikubaaqudgha
Makhleb
Nemelex Xobeh
Okawaru
Qazlal
Ru
Sif Muna
Trog
Uskayaw
Vehumet
Wu Jian
Xom
Yredelemnul
Zin
The Shining One

Shops:
D:5 }

Annotations:
D:2 exclusion: ogre
D:3 3 runed translucent doors, olaf's ghost, amateur MiGl
D:7 exclusion: 2 wights


Innate Abilities, Weirdness & Mutations

You cannot wear armour.
You are incapable of wielding weapons or throwing items.
Your paws allow you to move quietly. (Stealth)
You have sharp claws.
You have razor-sharp teeth.
You have supernaturally acute eyesight. (SInv)
You are carnivorous and can eat meat at any time.
You cover ground quickly.
You are covered in thick fur. (AC +2)
You have a slow metabolism.
Your sharp claws are effective at attacking unaware monsters.


Message History

You are too injured to fight recklessly!
You are too injured to fight recklessly!
You are too injured to fight recklessly!
You are too injured to fight recklessly!
You are too injured to fight recklessly!
You are too injured to fight recklessly!
You are too injured to fight recklessly!
You barely miss the black bear. You claw the black bear.
The black bear is severely wounded.
The black bear goes berserk!
You scratch the black bear but do no damage.
The black bear is severely wounded.
The black bear bites you! The black bear claws you. The black bear claws you!
* * * LOW HITPOINT WARNING * * *
You barely miss the black bear.
The black bear is severely wounded.
The black bear completely misses you. The black bear claws you.
* * * LOW HITPOINT WARNING * * *
The black bear claws you.
You die...

#### # ....## .
..PP.P##########
..PP....Sh@....#
#
PPPP..P.######)#
. PP.P..P.# #>#
. P.PPP...# #.#
P.hP.P..## #.#


.PPPPPP.Z# #.# .hPFPPP..# #.# ..oPSPP.P# #.# PtPP.oPo.# #.. You could see a
black bear (berserk) and an adder.

Vanquished Creatures
  Erolcha (D:9)
  Erica (D:9)
  Maurice (D:9)
  3 hippogriffs
  10 yaks (D:8)
  A basilisk (D:11)
  5 humans (D:6)
  A water moccasin (D:9)
  3 orc warriors
  2 black bears
  An ice beast (D:8)
  3 sky beasts
  A necrophage (D:9)
  3 ogres
  3 phantoms
  2 centaurs
  A crocodile (D:10)
  A big kobold (D:9)
  4 bullfrogs
  A wyvern zombie (D:7)
  3 scorpions
  A water moccasin skeleton (D:8)
  7 killer bees
  6 wights
  An electric eel (D:8)
  2 howler monkeys (D:8)
  2 crimson imps (D:9)
  2 centaur zombies (D:7)
  A hound (D:9)
  3 orc priests
  A bullfrog skeleton (D:5)
  4 centaur skeletons
  An iguana (D:8)
  7 orc wizards
  3 worker ants
  A hound zombie (D:10)
  2 hound skeletons (D:9)
  5 gnolls
  A worker ant zombie (D:7)
  6 adders
  2 oozes (D:1)
  A worm (D:4)
  A dart slug (D:1)
  4 leopard geckos
  17 orcs
  3 ball pythons
  3 giant cockroaches
  5 hobgoblins
  14 jackals
  3 quokkas
  3 bats
  4 frilled lizards
  12 kobolds
  A quokka skeleton (D:9)
  6 rats
186 creatures vanquished.

Vanquished Creatures (others)
  24 fungi (D:10)
  5 plants (D:10)
29 creatures vanquished.

Grand Total: 215 creatures vanquished

Notes
Turn   | Place    | Note
-------+----------+-------------------------------------------
     0 | D:1      | kae the Felid Enchanter began the quest for the Orb.
     0 | D:1      | Reached XP level 1. HP: 7/7 MP: 4/4
   224 | D:1      | Reached XP level 2. HP: 4/12 MP: 3/6
   441 | D:1      | Learned a level 2 spell: Ensorcelled Hibernation
   930 | D:1      | Reached skill level 1 in Fighting
   930 | D:1      | Reached XP level 3. HP: 1/15 MP: 1/7
  2640 | D:2      | Noticed an ogre
  3005 | D:3      | Found a runed translucent gate.
  3005 | D:3      | Found a runed translucent gate.
  3006 | D:3      | Found a runed translucent gate.
  3058 | D:3      | Reached XP level 4. HP: 3/19 MP: 3/8
  3377 | D:3      | Found a faded altar of an unknown god.
  3448 | D:3      | Noticed olaf's ghost (amateur MiGl)
  3940 | D:4      | Reached skill level 5 in Hexes
  4252 | D:4      | Noticed an ogre
  4252 | D:4      | Noticed a phantom
  4521 | D:4      | Learned a level 3 spell: Confusing Touch
  4551 | D:4      | Reached XP level 5. HP: 20/22 MP: 9/9
  4915 | D:4      | Reached skill level 5 in Stealth
  5435 | D:4      | Slain by a phantom
  5436 | D:4      | Reached XP level 4. HP: -2/19 MP: 7/9
  5467 | D:4      | Killed a phantom
  5467 | D:4      | Reached XP level 5. HP: 22/22 MP: 7/10
  5798 | D:4      | Killed an ogre
  5798 | D:4      | Gained mutation: You are covered in thick fur. (AC +2)
                  | [Felid growth]
  5798 | D:4      | Reached XP level 6. HP: 27/27 MP: 6/11
  5844 | D:5      | Entered Level 5 of the Dungeon
  6017 | D:5      | Found Qofoepp's Gadget Boutique.
  6217 | D:5      | Found a staircase to the Ecumenical Temple.
  6462 | D:5      | Found an iron altar of Okawaru.
  6680 | D:5      | Found an ancient bone altar of Kikubaaqudgha.
  6830 | D:6      | Reached XP level 7. HP: 18/30 MP: 8/13
  7404 | Temple   | Entered the Ecumenical Temple
  7714 | D:6      | Noticed a human
  7714 | D:6      | Noticed a human
  8084 | D:6      | Noticed a human
  8085 | D:6      | Noticed a human
  8115 | D:6      | Killed a human
  8115 | D:6      | Reached skill level 5 in Unarmed Combat
  8445 | D:6      | Killed a human
  8445 | D:6      | Reached XP level 8. HP: 31/36 MP: 11/15
  8925 | D:7      | Found a radiant altar of Vehumet.
  9709 | D:8      | Reached XP level 9. HP: 21/39 MP: 5/17
 10075 | D:8      | Reached skill level 5 in Spellcasting
 10077 | D:8      | Reached skill level 5 in Fighting
 10788 | D:8      | Reached XP level 10. HP: 18/45 MP: 16/19
 10807 | D:8      | You fall into a shaft and drop 2 floors!
 10807 | D:10     | Entered Level 10 of the Dungeon
 10810 | D:10     | Noticed a purple ugly thing
 11057 | D:8      | Identified the +10 rapier "Sakix" {vorpal, *Rage rElec rC-
                  | Int+8}
 11062 | D:8      | Shot with an arrow by a centaur
 11063 | D:8      | Reached XP level 9. HP: 0/41 MP: 18/18
 11521 | D:8      | Found a hazy altar of Hepliaklqana.
 11662 | D:9      | Noticed Maurice
 12049 | D:9      | Found an opulent altar of Gozag.
 12264 | D:9      | Noticed Erica
 12273 | D:9      | Found a shadowy altar of Dithmenos.
 12274 | D:9      | Noticed Erolcha
 12925 | D:9      | Reached skill level 10 in Stealth
 12925 | D:9      | Reached skill level 10 in Hexes
 12961 | D:9      | Found an ornate altar of the Wu Jian Council.
 13142 | D:9      | Killed Maurice
 13164 | D:9      | Killed Erica
 13164 | D:9      | Reached XP level 10. HP: 46/46 MP: 20/20
 13353 | D:9      | Killed Erolcha
 13359 | D:9      | Became a worshipper of Dithmenos the Shadowed
 13405 | D:9      | HP: 2/46 [poisoned by a killer bee]
 13412 | D:9      | HP: 2/46 [poisoned by a killer bee]
 13420 | D:9      | HP: 1/46 [poisoned by a killer bee]
 14736 | D:10     | Reached skill level 10 in Unarmed Combat
 14844 | D:10     | Slain by a purple ugly thing
 14845 | D:10     | Reached XP level 9. HP: 0/42 MP: 17/19
 14845 | D:10     | Found a staircase to the Lair.
 14875 | D:10     | HP: 1/42 [phantom (10)]
 15375 | D:10     | Slain by a black bear

Levels and vault maps discovered:
D:1:      minmay_arrival_four_loops, layout_basic, chequers_big_river
D:2:      layout_loops_ring, first_ration
D:3:      layout_loops_ring, gammafunk_ghost_icy,
          chequers_ecumenical_altar_island
D:4:      layout_rooms
D:5:      layout_cave_pools, kennysheep_mini, minmay_temple_entry_from_below_a,
          serial_shops, nicolae_shop_stone, okawaru_trees_1
D:6:      layout_rooms, minmay_ruffians
D:7:      layout_gridville, overflow_temple_1_default
D:8:      argonaut_augean_stables, layout_basic, nicolae_overflow_crystal_walls
D:9:      layout_loops_ring, grunt_gozag_statues, grunt_dithmenos_smoke,
          old_standard_altar, uniq_erolcha, uniq_maurice, uniq_erica
D:10:     layout_loops_ring, due_lair_maze_entry_diamond
D:11:     layout_small_grid, serial_shops, nicolae_shop_behind_doors
Temple:   eino_temple_scatter_basement

Skill      XL: |  1  2  3  4  5  6  7  8  9 10 |
---------------+-------------------------------+-----
Fighting       | 1 2 3 4 7 |  7.0
Unarmed Combat | 2 3 4 5 7 9 10 | 10.1
Hexes          | 5 6 7 8 10 | 10.8
Stealth        | 5 6 8 10 | 10.8
Spellcasting   | 3 4 6 |  6.7
Dodging        | |  2.6

Action                   |  1- 3 |  4- 6 |  7- 9 | 10-12 || total
-------------------------+-------+-------+-------+-------++-------
Melee: Unarmed           |   114 |   201 |   235 |    61 ||   611
       Bite              |     7 |    26 |    12 |     5 ||    50
       Punch             |     1 |     1 |     8 |     1 ||    11
 Cast: Corona            |     8 |     5 |    10 |       ||    23
       Ensorcelled Hiber |    11 |    26 |    94 |    10 ||   141
       Confusing Touch   |       |     5 |     8 |     4 ||    17
Evoke: Wand              |       |       |       |     3 ||     3
  Use: Scroll            |     5 |     6 |     9 |       ||    20
       Potion            |       |     8 |     1 |       ||     9
 Stab: Sleeping          |    17 |    20 |    56 |     9 ||   102
       Confused          |       |     5 |     9 |     3 ||    17
       Distracted        |       |       |     2 |       ||     2
  Eat: Chunk             |     9 |    14 |    28 |     2 ||    53
Armor: Skin              |     3 |    12 |    11 |     3 ||    29
Dodge: Dodged            |    86 |   171 |   208 |    85 ||   550

Table legend:
 A = Non-vault XP
 B = Vault XP
 C = Vault XP percentage of total XP
 D = Non-vault monster count
 E = Vault monster count
 F = Vault count percentage of total count
                 A         B        C        D         E       F
            +---------+---------+-------+---------+---------+-------
      Total |    6738 |    5524 |  45.0 |     166 |      20 |  10.8
            +---------+---------+-------+---------+---------+-------
        D:1 |      55 |       0 |   0.0 |      19 |       0 |   0.0
        D:2 |      24 |       0 |   0.0 |       9 |       0 |   0.0
        D:3 |      53 |       0 |   0.0 |      16 |       0 |   0.0
        D:4 |     423 |       0 |   0.0 |      18 |       0 |   0.0
        D:5 |     212 |       0 |   0.0 |      11 |       0 |   0.0
        D:6 |     525 |     968 |  64.8 |       6 |       5 |  45.5
        D:7 |     500 |       0 |   0.0 |      15 |       0 |   0.0
        D:8 |    1307 |    2030 |  60.8 |      18 |      10 |  35.7
        D:9 |    2473 |    2349 |  48.7 |      42 |       3 |   6.7
       D:10 |     295 |     177 |  37.5 |       9 |       2 |  18.2
       D:11 |     871 |       0 |   0.0 |       3 |       0 |   0.0
            +---------+---------+-------+---------+---------+-------
